 Dungeon Crawl Stone Soup version 0.26-a0-850-g97a50ab700 (webtiles) character file.

Game seed: 7447303398026167529

1477 pablito the Vexing (level 9, -9/52 HPs)
             Began as a Kobold Enchanter on Nov 20, 2020.
             Killed from afar by Maggie (12 damage)
             ... with a bolt of fire
             ... on level 6 of the Dungeon.
             The game lasted 00:26:54 (7567 turns).

pablito the Vexing (Kobold Enchanter)               Turns: 7567, Time: 00:26:54

Health: -9/52      AC:  7    Str:  5    XL:     9   Next: 6%
Magic:  19/22      EV: 16    Int: 16    God:
Gold:   75         SH:  0    Dex: 19    Spells: 11/14 levels left

rFire    . . .     SeeInvis .   a - +3 dagger
rCold    . . .     Faith    .   (shield restricted)
rNeg     . . .     Spirit   .   E - +1 leather armour of Atohaeq {rElec rPois}
rPois    +         Reflect  .   r - +2 helmet
rElec    +         Harm     .   z - +0 cloak
rCorr    .         Rampage  .   (no gloves)
MR       .....                  y - +2 pair of boots
Stlth    ++++......             (no amulet)
HPRegen  0.17/turn              w - ring of poison resistance
MPRegen  0.18/turn              m - ring of magical power

@: corroded, mesmerised, very slightly contaminated, drained
A: small, nightstalker 3
a: no special abilities


You were on level 6 of the Dungeon.
You visited 1 branch of the dungeon, and saw 7 of its levels.

You collected 279 gold pieces.
You spent 204 gold pieces at shops.

Inventory:

Hand Weapons
 a - a +3 dagger (weapon)
 u - a +1 dagger of venom
 C - the +3 whip of Dissolution {elec, +Rage rElec Str+9 Dex-5}
   (You found it on level 5 of the Dungeon)

   Occasionally, upon striking a foe, it will discharge some electrical energy
   and cause terrible harm.
   It affects your strength (+9).
   It affects your dexterity (-5).
   It insulates you from electricity.
   It lets you go berserk.
Missiles
 f - 5 javelins
 i - 5 atropa-tipped darts (quivered)
Armour
 b - a +0 robe
 p - a +1 leather armour
 r - a +2 helmet (worn)
 y - a +2 pair of boots (worn)
 z - a +0 cloak (worn)
 E - the +1 leather armour of Atohaeq (worn) {rElec rPois}
   (You found it on level 6 of the Dungeon)

   It insulates you from electricity.
   It protects you from poison.
Jewellery
 m - a ring of magical power (right hand)
 n - an uncursed ring of flight
 w - a ring of poison resistance (left hand)
Wands
 D - a wand of disintegration (13)
Scrolls
 d - 4 scrolls of remove curse
 g - a scroll of magic mapping
 l - 3 scrolls of teleportation
 t - a scroll of identify
 A - a scroll of fear
Potions
 c - 2 potions of invisibility
 e - a potion of cancellation {unknown}
 h - a potion of heal wounds
 j - a potion of experience {unknown}
 k - 4 potions of curing
 o - a potion of magic {unknown}
 q - 3 potions of ambrosia
 s - 2 potions of attraction {unknown}
 v - a potion of brilliance {unknown}
 x - a potion of flight {unknown}
 B - a potion of resistance


   Skills:
 + Level 3.9(2.9) Fighting
 + Level 5.0(4.0) Short Blades
 + Level 5.2(4.1) Dodging
 - Level 6.2(5.2) Stealth
 - Level 3.0(2.0) Spellcasting
 + Level 7.0(5.9) Hexes
 + Level 3.9(2.9) Evocations


You had 11 spell levels left.
You knew the following spells:

 Your Spells              Type           Power        Failure   Level
a - Corona                Hex            ###....      3%          1
b - Ensorcelled Hibernat  Hex/Ice        ##....       16%         2

Your spell library contained the following spells:

 Spells                   Type           Power        Failure   Level
 Confusing Touch          Hex            ###.....     9%          3
 Tukima's Dance           Hex            ###.....     9%          3
 Dazzling Flash           Conj/Hex       ##....       30%         3


Dungeon Overview and Level Annotations

Branches:
Dungeon (7/15)
 Temple: D:4-7

Altars:
Cheibriados
Elyvilon
Hepliaklqana
Makhleb
Qazlal
Vehumet

Shops:
D:6 }

Annotations:
D:6 Maggie


Innate Abilities, Weirdness & Mutations

You are small and have problems with some larger weapons.
You are completely attuned to the shadows.


Message History

You barely miss Maggie.
Maggie is almost dead.
You hit Maggie but do no damage.
Maggie is almost dead.
Maggie closely misses you.
You hit Maggie.
Maggie is almost dead.
Maggie barely misses you.
You hit Maggie but do no damage.
Maggie is almost dead.
You hit Maggie but do no damage.
Maggie is almost dead.
Maggie zaps a wand.
The bolt of acid hits you! The acid corrodes you!
You are splashed with acid!
* * * LOW HITPOINT WARNING * * *
You hit Maggie.
Maggie is almost dead.
Maggie points at you and mumbles some strange words.
The bolt of fire hits you!
You die...

#.#†.................
#.################...
##.............# #...
#....#########.# #... #.....#
#.....# #... #.##..# #.##..#
##.# #.##..# #.##..#####..
#.....####.##..#......
#.#..@................
#########.#.@.####.##.........
#.........#...# #.##..#.###.#
#.#########...####.##........#
#.# #...................
###.#########.#########...#.##.#
#..............##########.#..#.#
##..#######....##...†...#.##.#.#
##..###..<#.#.###.#####.#.##.#.#


You could see Maggie (mesmerising, corona).

Vanquished Creatures
  A centaur skeleton (D:6)
  2 sky beasts (D:6)
  An ogre (D:5)
  4 bullfrogs (D:6)
  2 scorpions (D:6)
  A howler monkey (D:6)
  A quasit (D:6)
  6 orc wizards
  An orc priest (D:5)
  Natasha (twice) (D:2)
  3 worker ants
  A hound skeleton (D:6)
  Robin (D:2)
  6 adders
  A shadow imp (D:6)
  An adder skeleton (D:4)
  2 worms (D:3)
  2 dart slugs (D:1)
  5 leopard geckos
  19 orcs
  7 bats
  7 giant cockroaches
  9 goblins
  5 hobgoblins
  11 jackals
  2 quokkas
  5 frilled lizards
  2 kobolds
  5 rats
115 creatures vanquished.

Notes
Turn   | Place    | Note
-------+----------+-------------------------------------------
     0 | D:1      | pablito the Kobold Enchanter began the quest for the Orb.
     0 | D:1      | Reached XP level 1. HP: 10/10 MP: 3/3
   489 | D:1      | Reached XP level 2. HP: 15/15 MP: 5/5
   691 | D:1      | Learned a level 2 spell: Ensorcelled Hibernation
  1054 | D:2      | Reached skill level 5 in Stealth
  1054 | D:2      | Reached XP level 3. HP: 16/19 MP: 3/6
  1205 | D:2      | Noticed Natasha
  1209 | D:2      | Killed Natasha
  1210 | D:2      | Reached skill level 4 in Hexes
  1210 | D:2      | Reached XP level 4. HP: 24/24 MP: 7/7
  1255 | D:2      | Noticed Natasha
  1263 | D:2      | Killed Natasha
  1371 | D:2      | Found a white marble altar of Elyvilon.
  1480 | D:2      | Noticed Robin
  1500 | D:2      | Killed Robin
  1501 | D:2      | Reached XP level 5. HP: 17/28 MP: 6/8
  2200 | D:3      | Found a stormy altar of Qazlal.
  2201 | D:3      | Found a snail-covered altar of Cheibriados.
  2331 | D:3      | Reached skill level 5 in Hexes
  2597 | D:3      | Reached XP level 6. HP: 32/32 MP: 9/9
  2869 | D:3      | Found a radiant altar of Vehumet.
  3763 | D:4      | Found a hazy altar of Hepliaklqana.
  4785 | D:5      | Entered Level 5 of the Dungeon
  5063 | D:5      | Reached skill level 1 in Fighting
  5076 | D:5      | Got a faintly glowing whip
  5077 | D:5      | Identified the +3 whip of Dissolution {elec, +Rage rElec
                  | Str+9 Dex-5} (You found it on level 5 of the Dungeon)
  5130 | D:5      | HP: 1/34 [orc wizard/magic dart (6)]
  5144 | D:5      | Reached XP level 7. HP: 25/38 MP: 5/10
  5283 | D:5      | Reached skill level 6 in Hexes
  6063 | D:5      | Reached skill level 1 in Evocations
  6169 | D:5      | Found a burning altar of Makhleb.
  6171 | D:5      | Noticed a cacodemon
  6172 | D:5      | Noticed an orange demon
  6172 | D:5      | Noticed a hellwing
  6451 | D:6      | Reached XP level 8. HP: 45/45 MP: 12/12
  6683 | D:6      | Found Jorriwiwk's Gadget Emporium.
  6686 | D:6      | Bought a wand of disintegration (13) for 204 gold pieces
  6693 | D:6      | Got an encrusted leather armour
  6704 | D:6      | Identified the +1 leather armour of Atohaeq {rElec rPois}
                  | (You found it on level 6 of the Dungeon)
  7345 | D:6      | Reached skill level 5 in Dodging
  7345 | D:6      | Reached XP level 9. HP: 52/52 MP: 13/13
  7494 | D:6      | Reached skill level 7 in Hexes
  7532 | D:7      | Noticed Maggie
  7543 | D:6      | Reached skill level 5 in Short Blades
  7566 | D:6      | HP: 3/52 [acid (16)]
  7567 | D:6      | Killed from afar by Maggie

Illustrated notes

Levels and vault maps discovered:
D:1:      dpeg_arrival_tiny_a, layout_loops_ring, roderic_lattice_a
D:2:      layout_loops_ring, lemuel_doored_altar,
          nicolae_overflow_hidden_temple, minmay_splitting_lines,
          kennysheep_generic_room_8, uniq_natasha, uniq_robin
D:3:      layout_basic, vehumet_crystals,
          chequers_temple_overflow_statue_of_worship, chequers_jeans,
          grunt_ministairs_13
D:4:      layout_loops_corners, kennysheep_mini_moat
D:5:      layout_basic, makhleb_altar_promises_db
D:6:      layout_basic, serial_shops, nicolae_shop_stone, minivault_11,
          grunt_ministairs_10
D:7:      layout_loops_ring, old_standard_altar, minmay_temple_entry_hall,
          serial_shops, shop, uniq_maggie, uniq_joseph

Skill      XL: |  1  2  3  4  5  6  7  8  9 |
---------------+----------------------------+-----
Stealth        | 5 6 |  6.2
Hexes          | 4 5 6 7 |  7.0
Fighting       | 1 2 3 |  3.9
Short Blades   | 2 3 4 5 |  5.0
Dodging        | 3 5 |  5.2
Evocations     | 1 3 |  3.9
Spellcasting   | 3 |  3.0

Action                   |  1- 3 |  4- 6 |  7- 9 || total
-------------------------+-------+-------+-------++-------
Melee: Dagger            |    41 |   302 |   218 ||   561
Throw: Dart              |       |       |     2 ||     2
 Cast: Ensorcelled Hiber |     2 |    12 |    20 ||    34
       Corona            |     1 |     2 |     8 ||    11
  Use: Potion            |     2 |     2 |       ||     4
       Scroll            |     5 |     6 |     4 ||    15
 Stab: Sleeping          |     6 |    20 |    17 ||    43
       Invisible         |     1 |     2 |       ||     3
       Distracted        |     1 |     1 |       ||     2
Armor: Robe              |     2 |       |       ||     2
       Leather armour    |     1 |    92 |    91 ||   184
Dodge: Dodged            |    26 |   208 |   134 ||   368

Table legend: (Time is in decaauts)
 A = Elapsed time spent in this place.
 B = Non-inter-level travel time spent in this place.
 C = Inter-level travel time spent in this place.
 D = Time resting spent in this place.
 E = Time spent auto-exploring this place.
 F = Levels seen in this place.
 G = Mean time per level.
                   A        B        C        D        E       F      G
               +--------+--------+--------+--------+--------+-----+--------+
         Total |   7510 |   7298 |    212 |   1003 |   5095 |   7 | 1072.9 |
       Dungeon |   7510 |   7298 |    212 |   1003 |   5095 |   7 | 1072.9 |
               +--------+--------+--------+--------+--------+-----+--------+

Top non-repeatable levels by time:
     D:5: 1421 daAuts
     D:3: 1390 daAuts
     D:4: 1305 daAuts
     D:6: 1273 daAuts
     D:2: 1150 daAuts
     D:1: 916 daAuts
     D:7: 51 daAuts
